 Dungeon Sprint DCSS version 0.28.0-43-g3370ac3207 (webtiles) character file.

Game seed: 995398077562994463

1802 boopmooplesden the Severer (level 8, -6/90 HPs)
             Began as a Minotaur Berserker on Mar 14, 2022.
             Was an Elder of Trog.
             Killed from afar by a gargoyle (7 damage)
             ... with a stone arrow
             ... in the Dungeon (Sprint I: "Red Sonja").
             The game lasted 00:01:34 (658 turns).

boopmooplesden the Severer (Minotaur Berserker)      Turns: 658, Time: 00:01:35

Health: -6/90      AC: 11    Str: 22    XL:     8   Next: 83%
Magic:  7/7        EV: 10    Int:  4    God:    Trog [****..]
Gold:   270        SH:  0    Dex: 12    Spells: 7/7 levels left

rFire   . . .      SeeInvis .   a - +0 hand axe
rCold   . . .      Faith    .   (no shield)
rNeg    . . .      Spirit   .   j - +0 chain mail
rPois   .          Reflect  .   (helmet restricted)
rElec   .          Harm     .   (no cloak)
rCorr   .          Rampage  .   (no gloves)
Will    .....      NoTele   +   (no boots)
Stlth   ..........              (no amulet)
HPRegen 0.25/turn               (no ring)
MPRegen 0.10/turn               (no ring)

@: on berserk cooldown, slowed, very slow
A: horns 2, retaliatory headbutt
a: Renounce Religion, Berserk, Trog's Hand, Brothers in Arms


You were in the Dungeon.
You worshipped Trog.
Trog was greatly pleased with you.
You visited 1 branch You collected 270 gold pieces.

Inventory:

Hand Weapons
 a - a +0 hand axe (weapon)
Armour
 b - a +0 animal skin
 j - a +0 chain mail (worn)
Wands
 i - a wand of iceblast (4)
 k - a wand of digging (6)
Scrolls
 h - a scroll of blinking
Potions
 c - a potion of curing
 d - a potion of heal wounds
 e - a potion of haste
 f - 2 potions of magic
 g - a potion of berserk rage


   Skills:
 + Level 14.4 Fighting
 + Level 15.7 Axes
 + Level 8.6 Armour
 + Level 7.2 Dodging


You had 7 spell levels left.
You didn't know any spells.
Your spell library was empty.

Dungeon Overview and Level Annotations

Branches:
Dungeon (1/1)

Altars:
Makhleb
Xom
Jiyva
Lugonu


Innate Abilities, Weirdness & Mutations

You have a pair of horns on your head.
You reflexively headbutt those who attack you in melee.


Message History

You slash the gargoyle!
The gargoyle is severely damaged.
You are no longer berserk.
You are exhausted.
You feel yourself slow down.
You hit the gargoyle but do no damage.
The gargoyle is severely damaged.
The gargoyle hits you with a +0 mace!
You barely miss the gargoyle. Your headbutt misses the gargoyle.
The gargoyle is severely damaged.
The gargoyle hurls a stone arrow at you.
The stone arrow hits you!
You hit the gargoyle.
You headbutt the gargoyle, but do no damage.
The gargoyle is severely damaged.
The gargoyle closely misses you.
You hit the gargoyle but do no damage.
The gargoyle is severely damaged.
The gargoyle hits you with a +0 mace!
* * * LOW HITPOINT WARNING * * *
You hit the gargoyle but do no damage.
The gargoyle is severely damaged.
The gargoyle hits you but does no damage.
You hit the gargoyle but do no damage.
The gargoyle is severely damaged.
The gargoyle hits you with a +0 mace!
* * * LOW HITPOINT WARNING * * *
You hit the gargoyle but do no damage.
The gargoyle is severely damaged.
The gargoyle hits you with a +0 mace!
* * * LOW HITPOINT WARNING * * *
You hit the gargoyle but do no damage.
The gargoyle is severely damaged.
The gargoyle barely misses you. You furiously retaliate!
You headbutt the gargoyle, but do no damage.
You hit the gargoyle.
The gargoyle is severely damaged.
The gargoyle hurls a stone arrow at you.
The stone arrow hits you!
You die...

##################
.#..'..#__#..')..#
.').#..'..'..#).†##+#
'#####+#__####..@9s.#
.# #### #####..+ ##
☼##


You could see a demonic crawler and a gargoyle.

Vanquished Creatures
  2 kobold demonologists (D)
  3 demonic crawlers (D)
  A slime creature (D)
  Sigmund (D)
  A floating eye (D)
  An ogre (D)
  Ijyb (D)
10 creatures vanquished.

Notes
Turn   | Place    | Note
-------+----------+-------------------------------------------
     0 | D        | boopmooplesden the Minotaur Berserker began the quest for
                  | the Orb.
     0 | D        | Reached XP level 1. HP: 19/19 MP: 0/0
     2 | D        | Noticed Ijyb
    13 | D        | Killed Ijyb
    14 | D        | Reached skill level 5 in Fighting
    14 | D        | Reached skill level 5 in Axes
    14 | D        | Reached XP level 2. HP: 7/30 MP: 1/1
   248 | D        | Noticed an ogre
   251 | D        | Killed an ogre
   252 | D        | Reached skill level 8 in Axes
   252 | D        | Reached XP level 3. HP: 40/40 MP: 2/2
   252 | D        | Reached XP level 4. HP: 48/48 MP: 3/3
   307 | D        | Noticed Sigmund
   320 | D        | Killed Sigmund
   320 | D        | Reached ** piety under Trog
   321 | D        | Reached skill level 10 in Axes
   321 | D        | Reached skill level 5 in Armour
   321 | D        | Reached XP level 5. HP: 58/58 MP: 4/4
   515 | D        | Found a burning altar of Makhleb.
   515 | D        | Found a viscous altar of Jiyva.
   515 | D        | Found a shimmering altar of Xom.
   515 | D        | Found a corrupted altar of Lugonu.
   515 | D        | Noticed a slime creature
   521 | D        | Killed a slime creature
   522 | D        | Reached skill level 12 in Axes
   522 | D        | Reached skill level 5 in Dodging
   522 | D        | Reached XP level 6. HP: 68/68 MP: 5/5
   570 | D        | Noticed a kobold demonologist
   570 | D        | Noticed a floating eye
   570 | D        | Noticed a kobold demonologist
   572 | D        | Killed a floating eye
   573 | D        | Reached XP level 7. HP: 74/74 MP: 6/6
   577 | D        | Noticed a smoke demon
   577 | D        | Killed a kobold demonologist
   578 | D        | Reached skill level 13 in Axes
   580 | D        | Noticed an ice devil
   584 | D        | Killed a kobold demonologist
   584 | D        | Reached *** piety under Trog
   585 | D        | Reached skill level 14 in Axes
   585 | D        | Reached XP level 8. HP: 86/86 MP: 7/7
   617 | D        | Noticed a demonic crawler
   617 | D        | Noticed a demonic crawler
   617 | D        | Noticed a demonic crawler
   617 | D        | Noticed a demonic crawler
   626 | D        | Killed a demonic crawler
   632 | D        | Noticed a gargoyle
   633 | D        | Killed a demonic crawler
   634 | D        | Reached skill level 15 in Axes
   642 | D        | Killed a demonic crawler
   642 | D        | Reached **** piety under Trog
   656 | D        | HP: 1/90 [gargoyle/+0 mace (14)]
   658 | D        | Killed from afar by a gargoyle

Illustrated notes

Levels and vault maps discovered:
D:        dungeon_sprint_1 [red_sonja_temple_1, red_sonja_temple_small_1]

Skill      XL: |  1  2  3  4  5  6  7  8 |
---------------+-------------------------+-----
Fighting       | 5 7 9 11 13 14 | 14.4
Axes           | 5 8 10 12 14 15 | 15.7
Armour         | 3 5 6 7 8 |  8.6
Dodging        | 3 4 5 6 7 |  7.2

Action                   |  1- 3 |  4- 6 |  7- 9 || total
-------------------------+-------+-------+-------++-------
Melee: Hand axe          |    11 |    17 |    51 ||    79
       Headbutt          |     3 |     3 |     8 ||    14
       Punch             |       |       |     1 ||     1
Invok: Berserk           |     2 |     3 |     1 ||     6
Armor: Chain mail        |       |     2 |    11 ||    13
Dodge: Dodged            |     3 |     1 |    13 ||    17
